AoeStats
← failbaddon

Fortress

509693556Analyzed
4v4 RM · 5d ago on Sep 27, 2026· 37m 8s· 8 players
Game mode
Random Map
Map size
Huge
Population
200
Speed
Normal
Resources
Standard
Victory
Conquest
Starting age
Dark Age
Ending age
Imperial Age
RankedLock teamsTeams togetherTeam positionsShared explorationLock speedFull tech treeHidden civsTurbo modeCheats
Victory
Defeat
🇺🇸 Maya · United States
1111
+17
🇺🇸 Malians · United States
1103
+17
🇺🇸 Danes · United States
1079
+18
🇺🇸 Persians · United States
1074
+19
🇬🇧 Huns · United Kingdom
1140
-18
🇹🇼 Burgundians · Taiwan
1127
-18
🇦🇹 Portuguese · Austria
1125
-18
🇮🇹 Celts · Italy
1115
-17
failbaddon
6:53 Feudal Age
7:15 Horse Collar
7:23 Double-Bit Axe
9:28 Wheelbarrow
14:15 Castle Age
12:35 Gold Mining
13:17 Scale Mail Armor
13:49 Forging
13:33 Arson
14:28 Loom
14:58 Squires
15:10 Bow Saw
15:03 Heavy Plow
15:51 Chain Mail Armor
19:00 Hand Cart
22:55 Town Watch
23:48 Iron Casting
26:10 Tigui
29:47 Fervor
33:46 Imperial Age
31:15 Treadmill Crane
31:46 Fortified Wall
31:47 Masonry
31:55 Fletching
32:05 Murder Holes
32:31 Ballistics
32:09 Murder Holes
33:15 Bodkin Arrow
33:54 Heavy Camel Rider
34:40 Farimba
35:06 Scale Barding Armor
35:23 Bloodlines
35:14 Husbandry
36:08 Conscription
35:09 Elite Gbeto
37:56 Architecture
Leonidas
4:31 Loom
8:06 Feudal Age
14:14 Castle Age
12:39 Double-Bit Axe
12:35 Horse Collar
14:26 Gold Mining
15:14 Scale Barding Armor
15:22 Husbandry
15:56 Forging
16:06 Bow Saw
22:18 Chain Barding Armor
24:34 Heavy Plow
26:13 Gold Shaft Mining
26:26 Wheelbarrow
27:28 Iron Casting
29:01 Bloodlines
32:43 Imperial Age
31:38 Masonry
33:14 Heavy Camel Rider
34:38 Plate Barding Armor
SupaHotFire
8:51 Feudal Age
12:51 Castle Age
10:43 Double-Bit Axe
10:55 Horse Collar
11:23 Gold Mining
13:35 Loom
14:40 Wheelbarrow
15:27 Scale Mail Armor
21:32 Hand Cart
25:59 Chain Mail Armor
25:54 Forging
27:15 Hamask
28:36 Heavy Plow
29:48 Town Watch
31:08 Iron Casting
ClydeTheLP
1:03 Loom
7:38 Feudal Age
12:41 Castle Age
11:21 Double-Bit Axe
12:00 Fletching
12:12 Padded Archer Armor
12:12 Scale Mail Armor
12:30 Horse Collar
14:13 Bodkin Arrow
15:04 Leather Archer Armor
16:16 Wheelbarrow
17:03 Gold Mining
16:49 Crossbowman
22:44 Thumb Ring
23:39 Hand Cart
23:47 Chain Mail Armor
24:39 Gold Mining
26:26 Stone Mining
27:54 Town Watch
30:24 Town Patrol
32:30 Bow Saw
36:16 Imperial Age
34:16 Ballistics
34:39 Forging
35:06 Fortified Wall
35:08 Masonry
36:25 Stone Shaft Mining
35:53 Heavy Plow
35:15 Pikeman
35:56 Squires
35:42 Arson
36:57 Iron Casting
37:34 Plate Mail Armor
36:48 Halberdier
SuperDomeDome
6:56 Feudal Age
12:08 Castle Age
10:30 Double-Bit Axe
12:07 Forging
11:58 Scale Mail Armor
12:11 Arson
16:52 Loom
18:47 Wheelbarrow
ggnoteam
8:32 Feudal Age
6:49 Loom
9:33 Double-Bit Axe
9:44 Horse Collar
12:16 Castle Age
11:49 Wheelbarrow
13:19 Bow Saw
13:18 Heavy Plow
20:15 Pikeman
marshonginn
5:20 Double-Bit Axe
7:37 Feudal Age
6:48 Gold Mining
8:37 Bow Saw
8:20 Horse Collar
9:17 Gold Shaft Mining
15:50 Castle Age
13:52 Heavy Plow
14:44 Stone Mining
16:09 Town Watch
16:38 Forging
15:53 Cavalier
17:00 Husbandry
19:20 Wheelbarrow
19:24 Scale Barding Armor
21:47 Fervor
K
7:17 Feudal Age
11:35 Castle Age
9:31 Double-Bit Axe
10:07 Horse Collar
18:16 Husbandry
20:38 Bow Saw
20:52 Gold Mining
23:57 Imperial Age
21:14 Loom
22:20 Gold Shaft Mining
21:52 Heavy Plow
22:13 Forging
22:09 Scale Barding Armor
22:56 Wheelbarrow
22:10 Town Watch
23:16 Bloodlines
24:11 Marauders
25:07 Iron Casting
24:38 Scale Barding Armor
25:16 Conscription
24:17 Elite Tarkan
27:49 Blast Furnace
28:52 Chain Barding Armor
33:18 Squires
32:39 Pikeman
33:39 Scale Mail Armor
Connection lost

Rejoining the realm…

Still unreachable

The connection could not be restored.

Session expired

The server has moved on; the page needs a fresh start.